 Dungeon Crawl Stone Soup version 0.29-a0-275-g389c0b56f3 (webtiles) character file.

Game seed: 7603844944969239990

126 sammy202020 the Covered (level 5, 0/33 HPs)
             Began as a Gargoyle Fighter on Mar 12, 2022.
             Slain by an orc
             ... wielding a +0 war axe
              (7 damage)
             ... on level 3 of the Dungeon.
             The game lasted 00:04:16 (2365 turns).

sammy202020 the Covered (Gargoyle Fighter)          Turns: 2365, Time: 00:04:17

Health: 0/33       AC: 13    Str: 20    XL:     5   Next: 9%
Magic:  5/5        EV:  7    Int: 10    God:
Gold:   119        SH:  4    Dex:  9    Spells: 4/4 levels left

rFire   . . .      SeeInvis .   a - +0 flail
rCold   . . .      Faith    .   c - +0 buckler
rNeg    + . .      Spirit   .   g - +0 chain mail
rPois   ∞          Reflect  .   (no helmet)
rElec   +          Harm     .   (no cloak)
rCorr   .          Rampage  .   (no gloves)
Will    .....                   (no boots)
Stlth   ..........              (no amulet)
HPRegen 0.11/turn               (no ring)
MPRegen 0.09/turn               (no ring)

@: no status effects
A: sickness immunity, AC +4, negative energy resistance 1, electricity
resistance, torment resistance 1, petrification resistance
a: no special abilities


You were on level 3 of the Dungeon.
You visited 1 branch of the dungeon, and saw 3 of its levels.

You collected 119 gold pieces.

Inventory:

Hand Weapons
 a - a +0 flail (weapon)
Armour
 b - a +0 scale mail
 c - a +0 buckler (worn)
 g - a +0 chain mail (worn)
Scrolls
 i - a scroll of teleportation
Potions
 d - a potion of might
 f - 2 potions of curing
 j - a potion of cancellation {unknown}


   Skills:
 * Level 4.1 Fighting
 * Level 3.0 Maces & Flails
 * Level 4.1 Armour
 + Level 0.9 Dodging
 * Level 4.0 Shields


You had 4 spell levels left.
You didn't know any spells.
Your spell library was empty.

Dungeon Overview and Level Annotations

Branches:
Dungeon (3/15)

Altars:

Shops:
D:1 !


Innate Abilities, Weirdness & Mutations

You are immune to sickness and miasma.
Your stone body is resilient. (AC +4)
You are immune to poison.
You resist negative energy. (rN+)
You are resistant to electric shocks. (rElec)
You are resistant to unholy torment.
You are immune to petrification.


Message History

The orc priest barely misses you. The orc attacks as you move away!
The orc hits you with a +0 mace.
You closely miss the orc. The orc hits you with a +0 mace.
An orc comes into view. It is wielding a +0 war axe.
You sock the orc!
You kill the orc!
You miss the orc wizard. The orc wizard barely misses you.
You barely miss the orc wizard. You block the orc wizard's attack.
The orc wizard hits you with a +0 dagger.
You barely miss the orc wizard. The orc wizard barely misses you.
You closely miss the orc wizard. The orc wizard closely misses you.
The orc priest looks satisfied for a moment.
You sock the orc wizard!
The orc wizard is heavily wounded.
The orc priest casts a cantrip, but nothing happens.
The orc wizard hits you but does no damage.
You sock the orc wizard!
You kill the orc wizard!
The orc hits you but does no damage.
Your Fighting skill increases to level 4!
Your Maces & Flails skill increases to level 3!
Your Shields skill increases to level 4!
You have reached level 5!
You hit the orc.
The orc is moderately wounded.
The orc barely misses you.
You sock the orc!
You kill the orc!
The orc closely misses you.
You hit the orc.
The orc is heavily wounded.
The orc hits you but does no damage.
You hit the orc but do no damage.
The orc is heavily wounded.
The orc hits you with a +0 war axe.
* * * LOW HITPOINT WARNING * * *
You barely miss the orc.
The orc is heavily wounded.
The orc hits you with a +0 war axe!
You die...

..w ... ...
#.# # #.# .#
#.###.##..#
#....ow...#
#o#
####@######
#...........
#.#####.###.
#.# .. #<#
## #.# #.#
#.. ###


You could see an orc priest, a dart slug and an orc.

Vanquished Creatures
  An orc wizard (D:3)
  3 adders (D:2)
  2 worms (D:2)
  2 orcs (D:3)
  4 ball pythons
  4 endoplasms
  4 giant cockroaches
  10 goblins
  4 hobgoblins
  4 jackals (D:1)
  9 kobolds
  5 quokkas
  3 bats
  2 frilled lizards (D:2)
  A rat (D:1)
58 creatures vanquished.

Notes
Turn   | Place    | Note
-------+----------+-------------------------------------------
     0 | D:1      | sammy202020 the Gargoyle Fighter began the quest for the
                  | Orb.
     0 | D:1      | Reached XP level 1. HP: 14/14 MP: 1/1
   212 | D:1      | Reached XP level 2. HP: 19/19 MP: 2/2
   262 | D:1      | Found Yqutzoibb's Distillery.
   455 | D:1      | Reached XP level 3. HP: 23/23 MP: 3/3
   705 | D:1      | Found a faded altar of an unknown god.
  1327 | D:2      | Reached XP level 4. HP: 24/29 MP: 4/4
  2361 | D:3      | Reached XP level 5. HP: 12/33 MP: 5/5
  2365 | D:3      | Slain by an orc

Illustrated notes

Levels and vault maps discovered:
D:1:      scummos_arrival_simple_fountains, layout_rooms,
          ebering_ecumenical_altar_abandoned, serial_shops, nicolae_square_shop,
          minivault_25
D:2:      layout_loops_corners, chequers_serial_rivers_room_b
D:3:      layout_loops_corners, uniq_crazy_yiuf_cottage

Skill      XL: |  1  2  3  4 |
---------------+-------------+-----
Armour         | 4 |  4.1
Fighting       | 4 |  4.1
Maces & Flails | 3 |  3.0
Shields        | 4 |  4.0
Dodging        | |  0.9

Action                   |  1- 3 |  4- 6 || total
-------------------------+-------+-------++-------
Melee: Flail             |   136 |    66 ||   202
  Use: Scroll            |       |     3 ||     3
Armor: Scale mail        |    25 |       ||    25
       Chain mail        |    77 |    31 ||   108
Dodge: Dodged            |    50 |    22 ||    72
Block: Buckler           |    40 |    14 ||    54

Table legend: (Time is in decaauts)
 A = Elapsed time spent in this place.
 B = Non-inter-level travel time spent in this place.
 C = Inter-level travel time spent in this place.
 D = Time resting spent in this place.
 E = Time spent auto-exploring this place.
 F = Levels seen in this place.
 G = Mean time per level.
                   A        B        C        D        E       F      G
               +--------+--------+--------+--------+--------+-----+--------+
         Total |   2427 |   2427 |      0 |      0 |   1951 |   3 |  809.0 |
       Dungeon |   2427 |   2427 |      0 |      0 |   1951 |   3 |  809.0 |
               +--------+--------+--------+--------+--------+-----+--------+

Top non-repeatable levels by time:
     D:2: 1444 daAuts
     D:1: 948 daAuts
     D:3: 34 daAuts
